3AAA
BRINKLEY BELUGAS @ SANTA BARBARA GOLDEN CRANES
09/13/2024
 
TOP OF THE 1ST
Brinkley Belugas batting - Pitching for Santa Barbara Golden Cranes : RHP Seung-yeop Kim
Pitching: RHP Seung-yeop Kim
Batting: RHB Arturo Read 0-0: Swinging Strike
0-1: Foul Ball, location: 2F
0-2: Strikes out swinging
Batting: RHB Sergio Ortíz 0-0: Ball
1-0: Ball
2-0: Foul Ball, location: 2F
2-1: Ball
3-1: Ground out 2-3 (Groundball, 2L)
Batting: LHB Eric Porter 0-0: Ball
1-0: Called Strike
1-1: SOLO HOME RUN (Flyball, 9D), Distance : 367 ft
Batting: RHB Reggie Kahn 0-0: Foul Ball, location: 2F
0-1: Foul Ball, location: 2F
0-2: Foul Ball, location: 2F
0-2: Strikes out swinging
Top of the 1st over - 1 run(s), 1 hit(s), 0 error(s), 0 left on base; Brinkley 1 - Santa Barbara 0
BOTTOM OF THE 1ST
Santa Barbara Golden Cranes batting - Pitching for Brinkley Belugas : RHP Sexto Rodríguez
Pitching: RHP Sexto Rodríguez
Batting: RHB Rob Thomason 0-0: Fly out, F9 (Flyball, 9LM)
Batting: RHB Logan Manning 0-0: Called Strike
0-1: Ball
1-1: Ball
2-1: Ball
3-1: Called Strike
3-2: Foul Ball, location: 2F
3-2: Foul Ball, location: 2F
3-2: Foul Ball, location: 2F
3-2: Fly out, F9 (Flyball, 89D)
Batting: RHB Pablo Lugo 0-0: Ball
1-0: DOUBLE (Line Drive, 7LS)
Batting: RHB Gilbert Graham 0-0: Called Strike
0-1: Ball
1-1: Called Strike
1-2: Strikes out swinging
Bottom of the 1st over - 0 run(s), 1 hit(s), 0 error(s), 1 left on base; Brinkley 1 - Santa Barbara 0
TOP OF THE 2ND
Brinkley Belugas batting - Pitching for Santa Barbara Golden Cranes : RHP Seung-yeop Kim
Batting: RHB Alfonso Enríquez 0-0: Called Strike
0-1: Called Strike
0-2: Ball
1-2: SINGLE (Groundball, 5D)
Batting: LHB Ubbe van Antwerpen 0-0: Ball
1-0: Ball
2-0: Foul Ball, location: 2F
2-1: Foul Ball, location: 2F
2-2: Strikes out looking
Batting: RHB Chris Costa 0-0: Swinging Strike
0-1: Foul Ball, location: 2F
0-2: Foul Ball, location: 2F
0-2: Ball
1-2: Strikes out swinging
Batting: RHB Randy Tucker 0-0: Ball
1-0: Called Strike
Alfonso Enríquez steals 2nd base
1-1: Fly out, F3 (Popup, 3SF)
Top of the 2nd over - 0 run(s), 1 hit(s), 0 error(s), 1 left on base; Brinkley 1 - Santa Barbara 0
BOTTOM OF THE 2ND
Santa Barbara Golden Cranes batting - Pitching for Brinkley Belugas : RHP Sexto Rodríguez
Batting: LHB Takahiro Harada 0-0: Ball
1-0: Called Strike
1-1: Fly out, F9 (Flyball, 9LM)
Batting: RHB Xavier Hernández 0-0: Swinging Strike
0-1: Foul Ball, location: 2F
0-2: Ball
1-2: Ball
2-2: Fly out, F5 (Line Drive, 56)
Batting: RHB Ángel Ruezga 0-0: Called Strike
0-1: Ball
1-1: Called Strike
1-2: Ball
2-2: Ball
3-2: Strikes out swinging
Bottom of the 2nd over - 0 run(s), 0 hit(s), 0 error(s), 0 left on base; Brinkley 1 - Santa Barbara 0
TOP OF THE 3RD
Brinkley Belugas batting - Pitching for Santa Barbara Golden Cranes : RHP Seung-yeop Kim
Batting: RHB Chang-bum Pak 0-0: Ball
1-0: Ball
2-0: Foul Ball, location: 2F
2-1: Ball
3-1: Called Strike
3-2: Strikes out looking
Batting: RHB Arturo Read 0-0: Called Strike
0-1: Ball
1-1: Foul Ball, location: 2F
1-2: Strikes out looking
Batting: RHB Sergio Ortíz 0-0: Foul Ball, location: 2F
0-1: Ground out 5-3 (Groundball, 56)
Top of the 3rd over - 0 run(s), 0 hit(s), 0 error(s), 0 left on base; Brinkley 1 - Santa Barbara 0
BOTTOM OF THE 3RD
Santa Barbara Golden Cranes batting - Pitching for Brinkley Belugas : RHP Sexto Rodríguez
Batting: RHB Ted Young 0-0: Ball
1-0: Ground out 5-3 (Groundball, 56)
Batting: RHB Pepe Castroneves 0-0: Ball
1-0: Called Strike
1-1: Ball
2-1: Ball
3-1: Called Strike
3-2: Ground out 6-3 (Groundball, 56)
Batting: RHB Rob Thomason 0-0: Foul Ball, location: 2F
0-1: Fly out, F6 (Line Drive, 6)
Bottom of the 3rd over - 0 run(s), 0 hit(s), 0 error(s), 0 left on base; Brinkley 1 - Santa Barbara 0
TOP OF THE 4TH
Brinkley Belugas batting - Pitching for Santa Barbara Golden Cranes : RHP Seung-yeop Kim
Batting: LHB Eric Porter 0-0: Ball
1-0: Ground out 4-3 (Groundball, 34)
Batting: RHB Reggie Kahn 0-0: Called Strike
0-1: Ball
1-1: Foul Ball, location: 2F
1-2: Foul Ball, location: 2F
1-2: Ball
2-2: Ball
3-2: Base on Balls
Batting: RHB Alfonso Enríquez 0-0: Hit by Pitch
Reggie Kahn to second
Batting: LHB Ubbe van Antwerpen 0-0: Called Strike
0-1: SINGLE (Groundball, 4MD)
Reggie Kahn to third
Alfonso Enríquez to second
Runner from 3rd tries for Home, SAFE, no throw or cutoff
Batting: RHB Chris Costa 0-0: Called Strike
0-1: Ball
1-1: Ball
2-1: Foul Ball, location: 2F
2-2: Ball
3-2: Fly out, F8 (Line Drive, 8LM)
Runner from 2nd tags up, OUT at 3rd
Top of the 4th over - 1 run(s), 1 hit(s), 0 error(s), 1 left on base; Brinkley 2 - Santa Barbara 0
BOTTOM OF THE 4TH
Santa Barbara Golden Cranes batting - Pitching for Brinkley Belugas : RHP Sexto Rodríguez
Batting: RHB Logan Manning 0-0: Called Strike
0-1: Ball
1-1: Called Strike
1-2: Ground out 4-3 (Groundball, 4)
Batting: RHB Pablo Lugo 0-0: Foul Ball, location: 2F
0-1: Ball
1-1: Called Strike
1-2: Ball
2-2: Ball
3-2: Base on Balls
Batting: RHB Gilbert Graham 0-0: Ball
1-0: Foul Ball, location: 2F
1-1: Ball
2-1: Fly out, F9 (Flyball, 9LM)
Batting: LHB Takahiro Harada 0-0: Ball
1-0: 2-RUN HOME RUN (Flyball, 89XD), Distance : 382 ft
Batting: RHB Xavier Hernández 0-0: Ball
1-0: Ball
2-0: Ground out 4-3 (Groundball, 4)
Bottom of the 4th over - 2 run(s), 1 hit(s), 0 error(s), 0 left on base; Brinkley 2 - Santa Barbara 2
TOP OF THE 5TH
Brinkley Belugas batting - Pitching for Santa Barbara Golden Cranes : RHP Seung-yeop Kim
Batting: RHB Randy Tucker 0-0: Ground out 6-3 (Groundball, 6)
Batting: RHB Chang-bum Pak 0-0: Ground out 4-3 (Groundball, 4M)
Batting: RHB Arturo Read 0-0: Ground out U3 (Groundball, 3)
Top of the 5th over - 0 run(s), 0 hit(s), 0 error(s), 0 left on base; Brinkley 2 - Santa Barbara 2
BOTTOM OF THE 5TH
Santa Barbara Golden Cranes batting - Pitching for Brinkley Belugas : RHP Sexto Rodríguez
Batting: RHB Ángel Ruezga 0-0: Foul Ball, location: 2F
0-1: SINGLE (Line Drive, 56)
Batting: RHB Ted Young 0-0: Bunted foul
0-1: Sac Bunt - play at first, batter OUT! 3-4
Ángel Ruezga to second
Batting: RHB Pepe Castroneves 0-0: Called Strike
0-1: Ball
1-1: Ball
2-1: Called Strike
2-2: Strikes out looking
Batting: RHB Rob Thomason 0-0: SINGLE (Groundball, 56D) (infield hit)
Ángel Ruezga to third
Batting: RHB Logan Manning 0-0: Swinging Strike
0-1: Called Strike
0-2: Ball
1-2: Strikes out looking
Bottom of the 5th over - 0 run(s), 2 hit(s), 0 error(s), 2 left on base; Brinkley 2 - Santa Barbara 2
TOP OF THE 6TH
Brinkley Belugas batting - Pitching for Santa Barbara Golden Cranes : RHP Seung-yeop Kim
Batting: RHB Sergio Ortíz 0-0: SINGLE (Groundball, 6MD)
Batting: LHB Eric Porter 0-0: SINGLE (Groundball, 34S)
Sergio Ortíz to second
Runner from 2nd tries for 3rd, SAFE, throw made to third
Batting: RHB Reggie Kahn 0-0: Foul Ball, location: 2F
0-1: Called Strike
0-2: Ball
1-2: Strikes out swinging
Batting: RHB Alfonso Enríquez 0-0: Foul Ball, location: 2F
0-1: Ball
1-1: Reached on error, E6 (Groundball, 6)
Sergio Ortíz scores
Eric Porter to second
Batting: LHB Ubbe van Antwerpen 0-0: Swinging Strike
0-1: Ball
1-1: Grounds into double play, 4-6-3 (Groundball, 4)
Top of the 6th over - 1 run(s), 2 hit(s), 1 error(s), 1 left on base; Brinkley 3 - Santa Barbara 2
BOTTOM OF THE 6TH
Santa Barbara Golden Cranes batting - Pitching for Brinkley Belugas : RHP Sexto Rodríguez
Batting: RHB Pablo Lugo 0-0: Called Strike
0-1: Ball
1-1: Ball
2-1: Foul Ball, location: 2F
2-2: SINGLE (Groundball, 5S)
Batting: RHB Gilbert Graham 0-0: Swinging Strike
0-1: Called Strike
0-2: Ball
1-2: Strikes out looking
Batting: LHB Takahiro Harada 0-0: Ball
Pablo Lugo is caught stealing 2nd base
1-0: Ball
2-0: Ball
3-0: Called Strike
3-1: Fly out, F7 (Flyball, 7M)
Bottom of the 6th over - 0 run(s), 1 hit(s), 0 error(s), 0 left on base; Brinkley 3 - Santa Barbara 2
TOP OF THE 7TH
Brinkley Belugas batting - Pitching for Santa Barbara Golden Cranes : RHP Seung-yeop Kim
Batting: RHB Chris Costa 0-0: Called Strike
0-1: Ball
1-1: Ball
2-1: Called Strike
2-2: Strikes out swinging
Batting: RHB Randy Tucker 0-0: Called Strike
0-1: Ball
1-1: Swinging Strike
1-2: Foul Ball, location: 2F
1-2: Ball
2-2: Ball
3-2: Foul Ball, location: 2F
3-2: Strikes out swinging
Batting: RHB Chang-bum Pak 0-0: Swinging Strike
0-1: Ball
1-1: Ball
2-1: Ball
3-1: Called Strike
3-2: Strikes out swinging
Top of the 7th over - 0 run(s), 0 hit(s), 0 error(s), 0 left on base; Brinkley 3 - Santa Barbara 2
BOTTOM OF THE 7TH
Santa Barbara Golden Cranes batting - Pitching for Brinkley Belugas : RHP Sexto Rodríguez
Batting: RHB Xavier Hernández 0-0: Ball
1-0: Ground out 5-3 (Groundball, 56)
Batting: RHB Ángel Ruezga 0-0: Swinging Strike
0-1: Swinging Strike
0-2: Strikes out looking
Batting: RHB Ted Young 0-0: Swinging Strike
0-1: Ball
1-1: Called Strike
1-2: Ball
2-2: SINGLE (Line Drive, 4D)
Pinch Hitting: SHB Shojiro Kimura 0-0: Ball
1-0: Ball
2-0: Ball
3-0: Called Strike
3-1: Foul Ball, location: 2F
3-2: Fly out, F6 (Popup, 4MD)
Bottom of the 7th over - 0 run(s), 1 hit(s), 0 error(s), 1 left on base; Brinkley 3 - Santa Barbara 2
TOP OF THE 8TH
Brinkley Belugas batting - Pitching for Santa Barbara Golden Cranes : RHP Seung-yeop Kim
Pitching: RHP Henri Pollini
Now in CF: Manny Rosário
Batting: RHB Arturo Read 0-0: Ball
1-0: Ground out 1-3 (Groundball, 23)
Batting: RHB Sergio Ortíz 0-0: Ball
1-0: Foul Ball, location: 2F
1-1: Called Strike
1-2: Foul Ball, location: 2F
1-2: Ground out 4-3 (Groundball, 4M)
Batting: LHB Eric Porter 0-0: Called Strike
0-1: Foul Ball, location: 2F
0-2: Ground out 1-3 (Groundball, 23)
Top of the 8th over - 0 run(s), 0 hit(s), 0 error(s), 0 left on base; Brinkley 3 - Santa Barbara 2
BOTTOM OF THE 8TH
Santa Barbara Golden Cranes batting - Pitching for Brinkley Belugas : RHP Sexto Rodríguez
Pitching: RHP Vicente Hernández
Batting: RHB Rob Thomason 0-0: Ground out 6-3 (Groundball, 6)
Pitching: RHP Chang-keun Hyon
Batting: RHB Logan Manning 0-0: DOUBLE (Flyball, 89XD)
Batting: RHB Pablo Lugo 0-0: Ball
1-0: Foul Ball, location: 2F
1-1: Ball
2-1: Ball
3-1: Base on Balls
Batting: RHB Gilbert Graham 0-0: Called Strike
0-1: Foul Ball, location: 2F
0-2: Ball
1-2: Ball
2-2: Fly out, F8 (Flyball, 8RXD)
Runner from 2nd tags up, SAFE at 3rd, no throw
Pitching: LHP Terry King
Pinch Hitting: RHB Salvador Noriega 0-0: Ball
1-0: Fly out, F8 (Flyball, 8RM)
Bottom of the 8th over - 0 run(s), 1 hit(s), 0 error(s), 2 left on base; Brinkley 3 - Santa Barbara 2
TOP OF THE 9TH
Brinkley Belugas batting - Pitching for Santa Barbara Golden Cranes : RHP Henri Pollini
Now in RF: Salvador Noriega
Batting: RHB Reggie Kahn 0-0: Ball
1-0: Ground out 6-3 (Groundball, 56)
Batting: RHB Alfonso Enríquez 0-0: Swinging Strike
0-1: Swinging Strike
0-2: Ball
1-2: Foul Ball, location: 2F
1-2: Ground out 1-3 (Groundball, 25)
Batting: LHB Ubbe van Antwerpen 0-0: Foul Ball, location: 2F
0-1: Foul Ball, location: 2F
0-2: Foul Ball, location: 2F
0-2: Foul Ball, location: 2F
0-2: Foul Ball, location: 2F
0-2: Ball
1-2: Strikes out looking
Top of the 9th over - 0 run(s), 0 hit(s), 0 error(s), 0 left on base; Brinkley 3 - Santa Barbara 2
BOTTOM OF THE 9TH
Santa Barbara Golden Cranes batting - Pitching for Brinkley Belugas : LHP Terry King
Pitching: LHP Miguel Toro
Batting: RHB Xavier Hernández 0-0: Ball
1-0: Fly out, F7 (Popup, 6D)
Batting: RHB Ángel Ruezga 0-0: Ball
1-0: Ball
2-0: Ball
3-0: Called Strike
3-1: Foul Ball, location: 2F
3-2: Base on Balls
Pinch Hitting: RHB Everette Jeffers 0-0: Ball
1-0: Ball
2-0: Called Strike
2-1: SINGLE (Groundball, 6MD)
Ángel Ruezga to second
Pinch Hitting: LHB Jim Unknown 0-0: Foul Ball, location: 2F
0-1: Ball
1-1: Called Strike
1-2: Ball
2-2: Strikes out swinging
Batting: RHB Rob Thomason 0-0: Ball
1-0: Swinging Strike
1-1: Ball
2-1: Foul Ball, location: 2F
2-2: Strikes out swinging
Bottom of the 9th over - 0 run(s), 1 hit(s), 0 error(s), 2 left on base; Brinkley 3 - Santa Barbara 2
This league is powered by Out of the Park Baseball, the baseball management simulation game for PC, Mac and Linux
Monday, October 3rd, 2016 - OOTP Baseball 16.9 Build 39